 Dungeon Crawl Stone Soup version 0.18.1-1-g2f07953 (webtiles) character file.

13783 Twogk the Slicer (level 11, -12/59 HPs)
             Began as a Spriggan Assassin on May 15, 2016.
             Was an Initiate of Gozag.
             Killed by the air
             ... invoked by Gastronok
              (42 damage)
             ... on level 1 of the Lair of Beasts on May 16, 2016.
             The game lasted 01:04:15 (13551 turns).

Twogk the Slicer (Spriggan Assassin)               Turns: 13551, Time: 01:04:18

Health: -12/59     AC:  5    Str:  7    XL:     11   Next: 80%
Magic:  21/21      EV: 25    Int: 20    God:    Gozag
Gold:   556        SH:  5    Dex: 18    Spells: 5 memorised, 11 levels left

rFire  . . .     SeeInvis +     C - +3 short sword (venom)
rCold  + . .     Gourm    .     O - +2 robe {rC+}
rNeg   . . .     Faith    .     u - +0 buckler
rPois  .         Spirit   .     (helmet restricted)
rElec  .         Dismiss  .     d - +0 cloak
rCorr  +         Reflect  .     (gloves unavailable)
SustAt .         Harm     .     (boots unavailable)
MR     +....                    (no amulet)
Stlth  ++++++....               c - +4 ring of intelligence
                                s - ring of resist corrosion

@: very quick, somewhat resistant to hostile enchantments, very stealthy
A: unfitting armour, see invisible, herbivore 3, speed 3, slow metabolism 2
a: Potion Petition, Call Merchant, Bribe Branch, Renounce Religion


You were on level 1 of the Lair of Beasts.
You worshipped Gozag.
Gozag was noncommittal.
You were not hungry.

You visited 2 branches of the dungeon, and saw 11 of its levels.
You also visited: Labyrinth.

You collected 2296 gold pieces.
You spent 1701 gold pieces at shops.
You paid 39 gold pieces to Gozag.

Inventory:

Hand Weapons
 a - a +2 dagger
 b - a +0 blowgun
 C - a +3 short sword of venom (weapon)
Missiles
 e - 17 poisoned needles
Armour
 d - a +0 cloak (worn)
 u - a +0 buckler (worn)
 O - a +2 robe of cold resistance (worn)
Magical Staves
 S - an uncursed staff of wizardry
 X - an uncursed staff of earth {unknown}
Rods
 k - a +2 rod of ignition (13/13)
   (You found it in a labyrinth)
Jewellery
 c - a +4 ring of intelligence (right hand)
 j - an uncursed ring of fire {unknown}
 s - a ring of resist corrosion (left hand)
 A - an uncursed ring of ice
Wands
 o - a wand of flame (16/48)
 r - a wand of iceblast (9/15)
 F - a wand of acid (0/15)
 M - a wand of disintegration (9/24)
 U - a wand of polymorph (19/24)
 W - a wand of slowing (8/48)
Scrolls
 h - 2 scrolls of immolation
 i - a scroll of identify
 l - 9 scrolls of remove curse
 p - 3 scrolls of teleportation
 q - 2 scrolls of random uselessness
 t - 2 scrolls of amnesia
 y - 2 scrolls of fog {unknown}
 D - 3 scrolls of enchant armour {unknown}
 H - 2 scrolls of blinking {unknown}
 N - a scroll of silence {unknown}
 P - a scroll of enchant weapon {unknown}
 Q - a scroll of fear {unknown}
Potions
 f - a potion of might
 m - a potion of cure mutation {unknown}
 n - 3 potions of curing
 v - 2 potions of lignification
 w - a potion of invisibility {unknown}
 x - a potion of agility {unknown}
 z - a potion of flight {unknown}
 B - a potion of berserk rage {unknown}
 E - 2 potions of cancellation {unknown}
 G - a potion of haste {unknown}
 K - a potion of resistance {unknown}
 R - a potion of heal wounds {unknown}
 V - a potion of magic {unknown}
Books
 L - a book of Spatial Translocations

   Spells                             Type                      Level
   a - Apportation                    Translocation                1
   b - Blink                          Translocation                2
   c - Shroud of Golubria             Charms/Translocation         2
   d - Portal Projectile              Translocation                3
   e - Teleport Other                 Translocation                3
   f - Passage of Golubria            Translocation                4
 T - a book of Dreams

   Spells                             Type                      Level
   a - Ensorcelled Hibernation        Hexes/Ice                    2
   b - Silence                        Hexes/Air                    5
   c - Darkness                       Hexes                        6
   d - Shadow Creatures               Summoning                    6
Comestibles
 g - 11 bread rations
 I - 7 fruits


   Skills:
 - Level 7.7 Fighting
 - Level 12.9 Short Blades
 - Level 2.7 Throwing
 - Level 9.3 Dodging
 + Level 10.6 Stealth
 - Level 6.0 Spellcasting
 - Level 3.5 Hexes
 - Level 3.1 Charms
 - Level 4.0 Translocations
 * Level 2.9 Ice Magic


You had 11 spell levels left.
You knew the following spells:

 Your Spells              Type           Power        Failure   Level  Hunger
a - Ensorcelled Hibernat  Hex/Ice        ###...       10%         2    None
b - Apportation           Tloc           ###.......   3%          1    None
c - Shroud of Golubria    Chrm/Tloc      ###.......   8%          2    None
d - Blink                 Tloc           N/A          6%          2    None
e - Passage of Golubria   Tloc           N/A          34%         4    ####...


Dungeon Overview and Level Annotations

Branches:
Dungeon (10/15)            Temple (0/1) D:6            Lair (1/8) D:10
    Orc (0/2) D:10

Altars:
Cheibriados
Dithmenos
Elyvilon
Gozag
Nemelex Xobeh
Okawaru
Pakellas
Qazlal
Sif Muna
Vehumet
Xom
Zin

Shops:
D:9 %   D:10 :

Annotations:
D:6 exclusion: statue
Lair:1 Gastronok


Innate Abilities, Weirdness & Mutations

You are tiny and cannot use many weapons and most armour.
You have supernaturally acute eyesight.
You are a herbivore.
You cover ground extremely quickly.
You need consume almost no food.


Message History

You hit Gastronok.
Gastronok is severely wounded.
You hit Gastronok.
Gastronok is severely wounded.
You hit Gastronok.
Gastronok is severely wounded.
Gastronok closely misses you.
You hit Gastronok but do no damage.
Gastronok is severely wounded.
You hit Gastronok but do no damage.
Gastronok is severely wounded.
You hit Gastronok but do no damage.
Gastronok is severely wounded.
You hit Gastronok.
Gastronok is severely wounded.
Gastronok waves his eye-stalks in wide circles.
The air twists around and strikes you!
Ouch! That really hurt!
You die...
Your body crumbles into a pile of gold.

##* #...........>.##.##
*.#####...............## #####
*#.##P...........#.....# ....##
##.##...............#.##
.....####..................##.###
...........................##....
.......................#.........
......................##.........
...............(@.............#..
....r............w...............
.......[.........................
....(.....##.....................
...>......###..............###...
..(.###...###.............###...#
#..##.#...#................#...##
.............................#.#
.w........................#....#


You could see Gastronok.

Vanquished Creatures
  Erolcha (D:10)
  A centaur warrior (D:10)
  Erica (Lair:1)
  Pikel (D:4)
  2 hill giants (D:10)
  Maurice (D:9)
  A centaur skeleton (D:10)
  A spiny frog (D:10)
  3 komodo dragons
  Prince Ribbit (Lair:1)
  Grinder (D:3)
  3 blink frogs
  A spriggan (D:7)
  A vampire (D:10)
  A redback (Lab)
  A wyvern (D:9)
  14 yaks
  3 wargs (D:10)
  A hippogriff (D:10)
  A soldier ant (D:8)
  A water moccasin (D:9)
  2 porcupines (Lair:1)
  Duvessa (D:4)
  An ice beast (D:10)
  3 orc warriors
  3 sky beasts
  2 ogres
  A black bear (D:10)
  2 eyes of draining
  A necrophage (D:10)
  3 wolves (Lair:1)
  5 centaurs
  2 crocodiles
  Blork the orc (D:4)
  2 big kobolds (D:8)
  4 giant frogs
  Dowan (D:4)
  2 scorpions
  3 howler monkeys (D:7)
  5 wights (D:8)
  9 crimson imps
  A quasit (D:7)
  Crazy Yiuf (D:4)
  2 jellies
  7 hounds
  2 orc priests
  2 iguanas (D:7)
  3 orc wizards
  7 worker ants
  A worker ant zombie (D:5)
  3 gnolls (D:2)
  10 adders
  5 river rats
  4 shadow imps
  A white imp (D:5)
  2 oozes
  An adder zombie (D:6)
  2 worms (D:2)
  6 giant geckos
  17 orcs
  A ball python (D:1)
  5 bats
  2 giant cockroaches
  5 goblins
  7 hobgoblins
  11 jackals
  13 kobolds
  3 quokkas
  A giant gecko skeleton (D:4)
  2 giant newts
  8 rats
  A fungus (D:10)
230 creatures vanquished.

Vanquished Creatures (others)
  2 jackals (D:10)
  14 fungi (D:10)
  4 plants (D:10)
20 creatures vanquished.

Grand Total: 250 creatures vanquished

Notes
Turn   | Place    | Note
--------------------------------------------------------------
     0 | D:1      | Twogk the Spriggan Assassin began the quest for the Orb.
     0 | D:1      | Reached XP level 1. HP: 10/10 MP: 2/2
   143 | D:1      | Reached XP level 2. HP: 13/14 MP: 3/3
   979 | D:2      | Reached skill level 3 in Short Blades
   979 | D:2      | Reached XP level 3. HP: 18/18 MP: 4/4
  1072 | D:2      | Found a white marble altar of Elyvilon.
  1128 | D:2      | Found a deep blue altar of Sif Muna.
  1398 | D:2      | Reached XP level 4. HP: 23/23 MP: 5/5
  1591 | D:2      | Noticed an angel
  1592 | D:2      | Found a glowing silver altar of Zin.
  1691 | D:2      | Reached skill level 4 in Short Blades
  1784 | D:2      | Found an opulent altar of Gozag.
  1958 | D:3      | Found a sparkling altar of Nemelex Xobeh.
  1958 | D:3      | Found an oddly glowing altar of Pakellas.
  2175 | D:3      | Found a shimmering altar of Xom.
  2493 | D:2      | Became a worshipper of Gozag Ym Sagoz the Greedy
  2647 | D:3      | Noticed Grinder
  2651 | D:3      | Killed Grinder
  2651 | D:3      | Reached skill level 5 in Short Blades
  2651 | D:3      | Reached XP level 5. HP: 28/28 MP: 6/6
  2651 | D:3      | Reached XP level 6. HP: 32/32 MP: 7/7
  2724 | D:3      | Found an iron altar of Okawaru.
  2841 | D:4      | Noticed Duvessa
  2843 | D:4      | Noticed Dowan
  2848 | D:4      | Killed Duvessa
  2910 | D:4      | Reached skill level 6 in Short Blades
  3191 | D:4      | Killed Dowan
  3240 | D:4      | Reached XP level 7. HP: 36/36 MP: 8/8
  3271 | D:4      | Noticed Blork the orc
  3276 | D:4      | Killed Blork the orc
  3295 | D:4      | Noticed Pikel
  3380 | D:4      | Found a snail-covered altar of Cheibriados.
  3425 | D:4      | Killed Pikel
  3425 | D:4      | Reached skill level 7 in Short Blades
  3425 | D:4      | Reached XP level 8. HP: 28/42 MP: 9/9
  3536 | D:4      | Reached skill level 8 in Short Blades
  3731 | D:4      | Noticed Crazy Yiuf
  3742 | D:4      | Killed Crazy Yiuf
  3869 | D:5      | Entered Level 5 of the Dungeon
  4948 | D:6      | Found a radiant altar of Vehumet.
  4965 | D:6      | Reached skill level 10 in Stealth
  5385 | D:6      | Found a staircase to the Ecumenical Temple.
  5586 | D:6      | Found a shadowy altar of Dithmenos.
  5616 | D:6      | Found a stormy altar of Qazlal.
  5860 | D:7      | Reached skill level 5 in Fighting
  5960 | D:6      | Reached skill level 9 in Short Blades
  6150 | D:7      | You fall through a shaft for 3 floors!
  6150 | D:10     | Entered Level 10 of the Dungeon
  6150 | D:10     | Noticed a centaur warrior
  6384 | D:9      | Reached XP level 9. HP: 32/47 MP: 10/10
  6585 | D:9      | Reached skill level 10 in Short Blades
  6775 | D:9      | Noticed Maurice
  7169 | D:9      | Found Maykkatz's Food Shoppe.
  7201 | D:9      | Killed Maurice
  7201 | D:9      | Reached skill level 5 in Dodging
  7215 | D:9      | Bought a bread ration for 70 gold pieces
  7215 | D:9      | Bought a bread ration for 70 gold pieces
  7215 | D:9      | Bought a slice of pizza for 21 gold pieces
  7226 | D:9      | Noticed a komodo dragon
  7247 | D:9      | Killed a komodo dragon
  7594 | D:8      | Reached skill level 11 in Short Blades
  7928 | D:8      | Reached XP level 10. HP: 52/53 MP: 11/11
  9082 | D:10     | Found a staircase to the Lair.
  9198 | D:10     | Noticed Erolcha
  9237 | D:10     | Killed Erolcha
  9237 | D:10     | Reached skill level 12 in Short Blades
 10069 | D:10     | Found Rehapriz's Book Shop.
 10085 | D:10     | Killed a centaur warrior
 10447 | D:10     | Reached XP level 11. HP: 50/58 MP: 12/12
 10453 | D:10     | Noticed a hill giant
 10497 | D:10     | Killed a hill giant
 10497 | D:10     | Reached skill level 1 in Spellcasting
 10636 | D:10     | Noticed a hill giant
 10706 | D:10     | Killed a hill giant
 11006 | D:10     | Bought a book of Spatial Translocations for 715 gold pieces
 11006 | D:10     | Bought a book of Dreams for 825 gold pieces
 11009 | D:10     | Learned a level 2 spell: Ensorcelled Hibernation
 11011 | D:10     | Learned a level 1 spell: Apportation
 11014 | D:10     | Learned a level 2 spell: Shroud of Golubria
 11111 | D:10     | Reached skill level 1 in Charms
 11180 | D:10     | Found a staircase to the Orcish Mines.
 11186 | D:10     | Reached skill level 1 in Hexes
 11366 | Lair:1   | Entered Level 1 of the Lair of Beasts
 11369 | Lair:1   | Reached skill level 5 in Spellcasting
 11409 | Lair:1   | Noticed Erica
 11409 | Lair:1   | Noticed Prince Ribbit
 11413 | Lair:1   | Found a labyrinth entrance.
 11424 | Lab      | Entered a labyrinth
 11800 | Lab      | Noticed a minotaur
 11814 | Lab      | HP: 2/59 [minotaur/rod of inaccuracy (16)]
 12015 | Lab      | Identified a +2 rod of ignition (13/13) (You found it in a labyrinth)
 12058 | Lair:1   | Killed Prince Ribbit
 12366 | Lair:1   | Reached skill level 1 in Translocations
 12447 | Lair:1   | Killed Erica
 12447 | Lair:1   | Reached skill level 1 in Ice Magic
 13230 | Lair:1   | Noticed Gastronok
 13502 | Lair:1   | Learned a level 2 spell: Blink
 13507 | Lair:1   | Learned a level 4 spell: Passage of Golubria
 13551 | Lair:1   | Killed from afar by Gastronok

Skill      XL: |  1  2  3  4  5  6  7  8  9 10 11 |
---------------+----------------------------------+-----
Stealth        | 6 7 8 9 10 | 10.6
Short Blades   | 3 5 6 7 9 11 12 | 12.9
Fighting       | 2 3 4 5 6 7 |  7.7
Dodging        | 5 8 9 |  9.3
Spellcasting   | 6 |  6.0
Charms         | 3 |  3.1
Hexes          | 3 |  3.5
Translocations | 4 |  4.0
Ice Magic      | 2 |  2.9
Throwing       | |  2.7

Action                   |  1- 3 |  4- 6 |  7- 9 | 10-12 || total
-------------------------+-------+-------+-------+-------++-------
Melee: Dagger            |    59 |    74 |   139 |   119 ||   391
       Short sword       |       |     9 |   117 |   444 ||   570
 Fire: Blowgun           |    20 |    11 |   120 |   118 ||   269
 Cast: Ensorcelled Hiber |       |       |       |    51 ||    51
Evoke: Wand              |       |     1 |    21 |     7 ||    29
       Rod               |       |       |       |     1 ||     1
  Use: Potion            |       |     2 |       |     2 ||     4
       Scroll            |       |       |     8 |     8 ||    16
 Stab: Sleeping          |    13 |    12 |    30 |    21 ||    76
       Distracted        |       |       |     1 |     9 ||    10
  Eat: Pizza             |       |       |     1 |     4 ||     5
       Royal jelly       |       |       |     1 |       ||     1
       Fruit             |       |       |       |     1 ||     1
Armor: Robe              |     4 |     9 |    12 |    46 ||    71
       Skin              |       |    15 |       |       ||    15
Dodge: Dodged            |    30 |    47 |   119 |   314 ||   510
Block: Buckler           |       |       |    39 |   108 ||   147
